 Dungeon Crawl Stone Soup version 0.26.1-11-gd32895ea62 (webtiles) character file.

Game seed: 18084466410182203493

253 Destapler the Skirmisher (level 5, -2/48 HPs)
             Began as a Minotaur Fighter on July 2, 2021.
             Slain by a black bear (11 damage)
             ... on level 3 of the Dungeon.
             The game lasted 00:04:59 (2245 turns).

Destapler the Skirmisher (Minotaur Fighter)         Turns: 2245, Time: 00:05:01

Health: -2/48      AC:  8    Str: 22    XL:     5   Next: 90%
Magic:  4/4        EV:  7    Int:  5    God:
Gold:   117        SH: 11    Dex:  9    Spells: 4/4 levels left

rFire    . . .     SeeInvis .   h - +2 short sword (vamp)
rCold    . . .     Faith    .   c - +1 kite shield
rNeg     . . .     Spirit   .   b - +0 scale mail
rPois    .         Reflect  .   (helmet restricted)
rElec    .         Harm     .   (no cloak)
rCorr    .         Rampage  .   (no gloves)
Will     .....                  r - +0 pair of boots
Stlth    ..........             g - amulet of inaccuracy (curse)
HPRegen  0.16/turn              (no ring)
MPRegen  0.09/turn              (no ring)

@: mighty
A: retaliatory headbutt, horns 2
a: no special abilities


You were on level 3 of the Dungeon.
You visited 1 branch of the dungeon, and saw 3 of its levels.

You collected 117 gold pieces.

Inventory:

Hand Weapons
 a - a +0 war axe
 h - a +2 vampiric short sword (weapon)
 i - a +2 dagger of protection
Armour
 b - a +0 scale mail (worn)
 c - a +1 kite shield (worn)
 r - a +0 pair of boots (worn)
Jewellery
 g - a cursed amulet of inaccuracy (around neck)
Scrolls
 f - 3 scrolls of identify
 k - a scroll of fog {unknown}
 l - a scroll of remove curse {unknown}
 o - a scroll of magic mapping {unknown}
 q - a scroll of teleportation {unknown}
Potions
 d - a potion of might
 e - a potion of resistance
 j - 2 potions of berserk rage {unknown}
 m - a potion of haste {unknown}
 n - a potion of heal wounds {unknown}
 p - a potion of lignification {unknown}


   Skills:
 + Level 5.1 Fighting
 + Level 4.2 Axes
 + Level 5.1 Armour
 + Level 5.0 Shields


You had 4 spell levels left.
You didn't know any spells.
Your spell library was empty.

Dungeon Overview and Level Annotations

Branches:
Dungeon (3/15)

Altars:
Kikubaaqudgha
Nemelex Xobeh
Uskayaw
Xom


Innate Abilities, Weirdness & Mutations

You reflexively headbutt those who attack you in melee.
You have a pair of horns on your head.


Message History

The black bear is severely wounded.
You block the black bear's attack. x2; The black bear claws you.
Your shield and scale mail prevent you from hitting the black bear.
The black bear is severely wounded.
The black bear bites you. You block the black bear's attack.
The black bear claws you.
* * * LOW HITPOINT WARNING * * *
The black bear bites you.
* * * LOW HITPOINT WARNING * * *
The black bear claws you.
* * * LOW HITPOINT WARNING * * *
The black bear claws you but does no damage.
You feel very mighty all of a sudden. The black bear bites you.
* * * LOW HITPOINT WARNING * * *
The black bear claws you.
* * * LOW HITPOINT WARNING * * *
The black bear claws you but does no damage.
The black bear bites you!
You die...

.# ##### ##.#........#
##...####.>#........#
##.....##...#........#
#.8...8.###.#.......!#
.....................#
....⌠....##.#........#
............#.....>..#
#.8...8.#####...@h...#
##.....###.......#+###
###...####.#####.#
.................#
##########.#######
#... #####


You could see a black bear (berserk).

Vanquished Creatures
  3 vampire bats (D:2)
  4 adders (D:2)
  3 oozes
  3 worms (D:2)
  A dart slug (D:1)
  2 leopard geckos
  A ball python (D:1)
  5 bats
  2 bat skeletons (D:2)
  4 bat zombies (D:2)
  4 giant cockroaches
  5 goblins
  9 hobgoblins
  6 jackals
  A frilled lizard (D:1)
  8 kobolds
  8 rats
69 creatures vanquished.

Notes
Turn   | Place    | Note
-------+----------+-------------------------------------------
     0 | D:1      | Destapler the Minotaur Fighter began the quest for the Orb.
     0 | D:1      | Reached XP level 1. HP: 19/19 MP: 0/0
   204 | D:1      | Reached XP level 2. HP: 27/27 MP: 1/1
   427 | D:1      | Reached XP level 3. HP: 33/33 MP: 2/2
  1063 | D:2      | Reached XP level 4. HP: 41/41 MP: 3/3
  1248 | D:2      | Found a sparkling altar of Nemelex Xobeh.
  1305 | D:2      | Found an ancient bone altar of Kikubaaqudgha.
  1315 | D:2      | Reached XP level 5. HP: 47/47 MP: 4/4
  1341 | D:2      | Reached skill level 5 in Fighting
  1529 | D:2      | Reached skill level 5 in Armour
  1745 | D:2      | Reached skill level 5 in Shields
  1851 | D:2      | Found a sacrificial altar of Ru.
  1854 | D:2      | Found a shimmering altar of Xom.
  1854 | D:2      | Found a blossoming altar of Fedhas.
  1856 | D:2      | Found a hide-covered altar of Uskayaw.
  1856 | D:2      | Found a shimmering altar of Xom.
  1856 | D:2      | Found a snail-covered altar of Cheibriados.
  2235 | D:3      | Noticed a black bear
  2245 | D:3      | Slain by a black bear

Illustrated notes

Levels and vault maps discovered:
D:1:      minmay_arrival_four_houses, layout_rooms, minmay_ruptured
D:2:      layout_basic, kennysheep_vampire_church, doesnt_xom_only_xom,
          nemelex_lonely_heart_becter
D:3:      cheibrodos_helix_gallery, layout_basic, wad_floor_pattern_untrapped

Skill      XL: |  1  2  3  4  5 |
---------------+----------------+-----
Fighting       | 4 5 |  5.1
Shields        | 4 5 |  5.0
Armour         | 4 5 |  5.1
Axes           | 3 4 |  4.2

Action                   |  1- 3 |  4- 6 || total
-------------------------+-------+-------++-------
Melee: War axe           |    47 |       ||    47
       Headbutt          |    15 |     8 ||    23
       Short sword       |    66 |    89 ||   155
  Use: Scroll            |     1 |     1 ||     2
       Potion            |       |     1 ||     1
Armor: Scale mail        |    46 |    59 ||   105
Dodge: Dodged            |    37 |    37 ||    74
Block: Kite shield       |    66 |    78 ||   144
